NCommander, chaotic male elven Wizard ------------------ ---------................--------- -------................................------- ------..............................%.......)...F.------ ----.......o..............[......................?.......:---- ---..........d...................................?........F....--- ---.......(....o...........................%[...........h...e......--- ---...............r.................?..................y.......h.......--- |..>............%...................f........^...........................| |....:.....................................@a......................!.....| |...................o.q.......%....:.......r.............................| ---..........u..................[...............e...................G..--- ---.............F................h=................................--- ---..........F[%)........v.....%..S............................--- ----..........*...........................................---- ------......S..........e..........................------ -------...............................`------- ---------................-------- ------------------ NCommander the Thaumaturge Experience level: 6 Strength: 13 Dexterity: 15 Constitution: 15 Intelligence: 20 Wisdom: 9 Charisma: 11 Health: 0(45) Energy: 16(61) Def: 6 Gold: 908 Moves: 4525 Dungeon seed: wqOKaTqQyJzPN3g6 Game ID: NCommander_1475309641 Your Inventory: Coins $ - 908 gold pieces Amulets R - an uncursed amulet of magical breathing Weapons a - a blessed +1 quarterstaff z - 2 +0 elven daggers (wielded) V - a +0 orcish dagger Armor e - an uncursed +0 cloak of magic resistance (being worn) r - an uncursed +0 leather armor (being worn) B - an uncursed +0 orcish helm (being worn) Y - an uncursed +0 pair of iron shoes (being worn) Comestibles u - an uncursed egg F - an uncursed fortune cookie Scrolls j - an uncursed scroll of identify k - an uncursed scroll of enchant weapon C - 2 uncursed scrolls of blank paper G - a blessed scroll of fire J - a cursed scroll of identify K - a blessed scroll of identify Q - an uncursed scroll of confuse monster Spellbooks l - a blessed spellbook of force bolt m - an uncursed spellbook of extra healing A - an uncursed spellbook of stone to flesh named stone to flesh (1 read) Potions g - an uncursed potion of blindness h - an uncursed potion of confusion x - an uncursed potion of see invisible H - an uncursed potion of booze L - an uncursed potion of water M - an uncursed potion of water O - an uncursed potion of oil P - an uncursed potion of paralysis S - a blessed potion of oil T - an uncursed potion of extra healing Rings c - an uncursed ring of warning d - an uncursed +3 ring of gain strength (on left hand) s - an uncursed ring of levitation Wands b - a wand of sleep (0:7) E - a wand of striking (0:4) U - a wand of magic missile (0:4) Tools n - an uncursed blindfold o - an uncursed bugle v - a magic marker (0:66) w - an uncursed lock pick I - an uncursed wax candle (0:400) Gems q - an uncursed worthless piece of blue glass y - 2 uncursed worthless pieces of yellow glass Spells and supernatural/magical abilities: Name Level Category Fail Memory a - force bolt 1 attack 3% 78% x - extra healing 3 healing 81% 78% S - stone to flesh 3 healing 81% 88% W - pray for help -- divine ? -- Your skills at the end: Fighting Skills Weapon Skills dagger [Basic] quarterstaff [Basic] Spellcasting Skills attack spells [Basic] enchantment spells [Basic] Final Attributes: You were piously aligned. You were sleep resistant. You were magic-protected. You had infravision. You are dead. Vanquished creatures: a large mimic a leprechaun a dingo a housecat a jaguar a mountain nymph an orc shaman a fog cloud a ghoul a paper golem a floating eye a kitten a dwarf 5 hill orcs a rothe a dwarf zombie a wererat a gas spore 3 hobbits a large kobold 2 hobgoblins 2 giant rats 2 cave spiders 3 brown molds a green mold a red mold 11 gnomes 3 garter snakes 5 geckos 10 jackals a fox 3 goblins 2 sewer rats 3 grid bugs a bat 3 lichens 6 newts 85 creatures vanquished. Voluntary challenges: You used a wielded weapon 124 times, starting on turn 29. You read items or engraved 7 times, starting on turn 1245. You never genocided any monsters. You never polymorphed an object. You never changed form. You used no wishes. You never split a pudding. You wrote Elbereth's name 1 time, starting on turn 1245. You never violated your personal moral code. Dungeon overview: The Dungeons of Doom: levels 1 to 11 Level 1 an altar to Anhur, some fountains a long staircase Level 2 a fountain Level 3 a potion shop, a fountain Level 4 a general store, some altars to Thoth and Anhur, a sink stairs to The Gnomish Mines Level 5 a general store, an altar to Thoth, a fountain Level 6 an altar to Thoth, a sink Level 7 a fountain, a throne Level 8 Level 9 many fountains Level 10 some fountains Level 11 <- You were here The Gnomish Mines: Level 5 stairs to The Dungeons of Doom History has recorded: On T:1 you entered the Dungeons of Doom to retrieve the Amulet of Yendor! On T:36 you reached level 2 of The Dungeons of Doom. On T:488 you reached level 3 of The Dungeons of Doom. On T:539 you advanced to experience level 2. On T:1118 you reached level 4 of The Dungeons of Doom. On T:1121 you advanced to experience level 3. On T:1544 you reached level 5 of The Dungeons of Doom. On T:1668 you reached level 1 of The Gnomish Mines. On T:1878 you advanced to experience level 4. On T:2546 you advanced to experience level 5. On T:3301 you advanced to experience level 6. On T:3424 you reached level 6 of The Dungeons of Doom. On T:3634 you reached level 7 of The Dungeons of Doom. On T:3674 you reached level 8 of The Dungeons of Doom. On T:3810 you reached level 9 of The Dungeons of Doom. On T:4280 you reached level 10 of The Dungeons of Doom. On T:4524 you reached level 11 of The Dungeons of Doom. Score breakdown: Gold: 908 (10064 points) Experience: 6 levels (12456 points) Exploration: 11 levels ( 21.15%) (13284 points) Discoveries: 3 items ( 1.08%) ( 3122 points) Valuables value: (no points given unless you survive) Artifact value: 0 ( 0 points) Variety of kills: 37 monsters ( 9.71%) ( 9348 points) Turncount: 4525 turns (-1207 points) Survival: died (score multiplied by 80%) Total score: 37653 Latest messages: Pick an object. Never mind. You have no ammunition readied! You are currently wielding your elven daggers! Never mind. You miss the giant beetle. The giant beetle bites! You hit the giant beetle. (2x) The giant beetle bites! You hit the giant beetle. The giant beetle just misses! You see here 31 gold pieces. The giant beetle bites! You fall down the stairs. Suddenly, the kobold disappears out of sight. The fire ant bites! (5x) You die... Final status: Goodbye NCommander the Wizard, killed by a fire ant... You died in The Dungeons of Doom on dungeon level 11 with 37653 points, and 908 pieces of gold, after 4525 moves. You were level 6 with a maximum of 45 hit points when you died.